 Dungeon Crawl Stone Soup version 0.19.5 (webtiles) character file.

4 tidbits the Charmwright (level 1, -3/14 HPs)
             Began as a High Elf Skald on Nov 17, 2017.
             Slain by a hobgoblin
             ... wielding a +0 club
              (6 damage)
             ... on level 2 of the Dungeon.
             The game lasted 00:00:44 (114 turns).

tidbits the Charmwright (High Elf Skald)             Turns: 114, Time: 00:00:45

Health: -3/14      AC:  3    Str: 11    XL:     1   Next: 50%
Magic:  1/5        EV: 11    Int: 15    God:
Gold:   0          SH:  0    Dex: 14    Spells: 1 memorised, 4 levels left

rFire  . . .     SeeInvis .     a - +0 falchion
rCold  . . .     Gourm    .     b - +0 leather armour
rNeg   . . .     Faith    .     (no shield)
rPois  .         Spirit   .     (no helmet)
rElec  .         Reflect  .     (no cloak)
rCorr  .         Harm     .     (no gloves)
MR     .....                    (no boots)
Stlth  +.........               (no amulet)
                                (no ring)
                                (no ring)

@: infused
A: no striking features
a: no special abilities


You were on level 2 of the Dungeon.
You were not hungry.

You visited 1 branch of the dungeon, and saw 2 of its levels.

Inventory:

Hand Weapons
 a - a +0 falchion (weapon)
Missiles
 e - 28 stones (quivered)
Armour
 b - a +0 leather armour (worn)
Potions
 f - a potion of degeneration {unknown}
Books
 c - a book of Battle

   Spells                             Type                      Level
   a - Infusion                       Charms                       1
   b - Shroud of Golubria             Charms/Translocation         2
   c - Song of Slaying                Charms                       2
   d - Spectral Weapon                Hexes/Charms                 3
   e - Regeneration                   Charms/Necromancy            3
Comestibles
 d - a bread ration


   Skills:
 - Level 2.0 Fighting
 - Level 2.4 Long Blades
 - Level 0.8 Armour
 - Level 1.1 Dodging
 + Level 2.8 Spellcasting
 - Level 3.6 Charms


You had 4 spell levels left.
You knew the following spells:

 Your Spells              Type           Power        Failure   Level  Hunger
i - Infusion              Chrm           ##..         10%         1    #......


Dungeon Overview and Level Annotations

Branches:
Dungeon (2/15)

Altars:


Message History

Welcome, tidbits the High Elf Skald.
The bosom of this dungeon contains the fabled artefact, the Orb of Zot.
Press ? for a list of commands and other information.
Found a staircase leading out of the dungeon.
You open the door.
There is an open door here.
You open the door.
There is an open door here.
Found 28 stones.
You see here 28 stones.
e - 28 stones
Found an escape hatch in the floor.
There is an escape hatch in the floor here.
You slide downwards.
The hatch slams shut behind you.
Found a stone staircase leading down.
Found 12 gold pieces.
A kobold comes into view. It is wielding a dagger.
The kobold shouts!
The kobold throws a stone.
The stone hits you but does no damage.
You see here a stone.
Found a stone staircase leading up.
Found a stone staircase leading up.
Found a scroll labeled JUKEED TIFIFO.
There is a stone staircase leading up here.
You climb upwards.
There is a stone staircase leading down here.
You climb downwards.
There is a stone staircase leading up here.
A rat comes into view.
You enter a teleport trap!
The teleport trap disappears.
Your surroundings suddenly seem different.
A leopard gecko comes into view.
Found a bubbling amethyst potion and a scratched cabochon ring.
Unknown command.
A worm comes into view.
The leopard gecko hisses angrily.
A rat comes into view.
The leopard gecko closely misses you.
You see here a bubbling amethyst potion.
f - a bubbling amethyst potion The leopard gecko bites you.
The leopard gecko bites you.
Casting: Infusion
Confirm with . or Enter, or press ? or * to list all spells.
You begin infusing your attacks with magical energy.
The leopard gecko misses you.
You closely miss the leopard gecko. The leopard gecko bites you.
The leopard gecko barely misses you.
You miss the leopard gecko. The leopard gecko closely misses you.
You hit the leopard gecko!
You kill the leopard gecko!
You hit the rat.
You kill the rat!
Your magical infusion is running out.
A goblin comes into view. It is wielding a club.
The goblin shouts!
A hobgoblin comes into view. It is wielding a club.
The hobgoblin shouts!
Found a slice of pizza.
The goblin hits you with a club.
* * * LOW HITPOINT WARNING * * *
You closely miss the goblin. The goblin barely misses you.
You riposte.
You hit the goblin!
You kill the goblin!
You are no longer magically infusing your attacks.
You barely miss the hobgoblin.
The hobgoblin hits you but does no damage.
Casting: Infusion
Confirm with . or Enter, or press ? or * to list all spells.
You begin infusing your attacks with magical energy.
The hobgoblin hits you with a club.
* * * LOW HITPOINT WARNING * * *
You barely miss the hobgoblin.
The hobgoblin hits you but does no damage.
You barely miss the hobgoblin. The hobgoblin hits you with a club.
You die...

........##########...##
........#########.....##
.......................#
#.....#..###.####.....##
##..%##..# #.# ##.w..#
###.# #..# #.# ##.#.#
###. #..###.######.#.#
... ..............=..##
## ..#.###...g@......#
##.. ..##. #####.#.#.#.#
K... #.#.#.#.# .#.# #.#.
.#.# .... #.#. .# .# #.#
## ... #..


You could see a hobgoblin.

Vanquished Creatures
  A leopard gecko (D:2)
  A goblin (D:2)
  A rat (D:2)
3 creatures vanquished.

Notes
Turn   | Place    | Note
-------+----------+-------------------------------------------
     0 | D:1      | tidbits the High Elf Skald began the quest for the Orb.
     0 | D:1      | Reached XP level 1. HP: 14/14 MP: 4/4
   114 | D:2      | Slain by a hobgoblin

Action                   || total
-------------------------++-------
Melee: Falchion          ||     8
 Cast: Infusion          ||     2
Armor: Leather armour    ||     1
Dodge: Dodged            ||     5
       Rpst.: Falchion   ||     1

Table legend:
 A = Turns spent in this place as a percentage of turns spent in the entire game.
 B = Non-inter-level travel turns spent in this place as a percentage of non-inter-level travel turns spent in the entire game.
 C = Inter-level travel turns spent in this place as a percentage of turns spent in this place.
 D = Turns resting spent in this place as a percentage of non-inter-level travel turns spent in this place.
 E = Turns spent auto-exploring this place as a percentage of non-inter-level travel turns spent in this place.
 F = Non-inter-level travel turns spent in this place divided by the number of levels of this place that you've seen.
                   A       B       C       D       E      F
               +-------+-------+-------+-------+-------+----------------------
         Total | 100.0 | 100.0 |   0.0 |   0.0 |   1.1 |  47.0
       Dungeon | 100.0 | 100.0 |   0.0 |   0.0 |   1.1 |  47.0
               +-------+-------+-------+-------+-------+----------------------

Table legend:
 A = Kills in this place as a percentage of kills in entire the game.
 B = Kills by you in this place as a percentage of kills by you in the entire game.
 C = Kills by friends in this place as a percentage of kills by friends in the entire game.
 D = Other kills in this place as a percentage of other kills in the entire game.
 E = Experience gained in this place as a percentage of experience gained in the entire game.
 F = Experience gained in this place divided by the number of levels of this place that you have seen.
                   A       B       C       D       E      F
               +-------+-------+-------+-------+-------+----------------------
         Total | 100.0 | 100.0 |  -nan |  -nan | 100.0 |   3.0
       Dungeon | 100.0 | 100.0 |  -nan |  -nan | 100.0 |   3.0
               +-------+-------+-------+-------+-------+----------------------

Vault maps used:
D:1:      roderic_lyre, corexii_item_surrounded_by_moat,
          nemelex_diamond_rough_becter
D:2:      cheibrodos_helix_gallery, bloody_trog
